 Dungeon Crawl Stone Soup version 0.28-a0-653-g7e9dba17c3 (webtiles) character file.

Game seed: 13988295046354213179

1873 siradein the Geomancer (level 8, -1/62 HPs)
             Began as a Deep Dwarf Earth Elementalist on Oct 12, 2021.
             Was an Initiate of Kikubaaqudgha.
             Slain by an acid dragon (11 damage)
             ... on level 7 of the Dungeon.
             The game lasted 00:20:55 (8987 turns).

siradein the Geomancer (DDEE)                       Turns: 8987, Time: 00:20:57

Health: -1/62      AC: -3    Str: 13    XL:     8   Next: 91%
Magic:  3/15       EV: 17    Int: 17    God:    Kikubaaqudgha [......]
Gold:   233        SH:  0    Dex: 13    Spells: 6/16 levels left

rFire   + . .      SeeInvis .   A - +0 dire flail (protect)
rCold   . . .      Faith    .   (shield currently unavailable)
rNeg    . . .      Spirit   .   b - +0 robe
rPois   .          Reflect  .   j - +0 helmet
rElec   .          Harm     .   o - +0 cloak
rCorr   .          Rampage  .   n - +0 pair of gloves
Will    +....                   (no boots)
Stlth   ++........              (no amulet)
HPRegen 0.00/turn               d - +4 ring of evasion
MPRegen 0.14/turn               i - ring of protection from fire

@: corroded
A: damage resistance, heal wounds, sense surroundings 1, no regeneration
a: Heal Wounds, Renounce Religion


You were on level 7 of the Dungeon.
You worshipped Kikubaaqudgha.
Kikubaaqudgha was noncommittal.
You visited 2 branches of the dungeon, and saw 8 of its levels.
You also visited: Ossuary.

You collected 255 gold pieces.
You spent 22 gold pieces at shops.

Inventory:

Hand Weapons
 A - a +0 dire flail of protection (weapon)
Missiles
 c - 21 stones
 f - 23 poisoned darts
 l - 2 throwing nets
Armour
 b - a +0 robe (worn)
 j - a +0 helmet (worn)
 n - a +0 pair of gloves (worn)
 o - a +0 cloak (worn)
 G - a +0 buckler
Jewellery
 d - a +4 ring of evasion (left hand)
 i - a ring of protection from fire (right hand)
Wands
 k - a wand of polymorph (9)
Scrolls
 a - 4 scrolls of teleportation
 e - 2 scrolls of enchant weapon
 q - 2 scrolls of amnesia {unknown}
 r - a scroll of fear
 w - a scroll of vulnerability {unknown}
 x - 2 scrolls of immolation
 y - 2 scrolls of acquirement {unknown}
 B - a scroll of noise {unknown}
 C - 2 scrolls of enchant armour {unknown}
 F - a scroll of identify
Potions
 g - 6 potions of might
 h - a potion of cancellation
 m - a potion of curing {unknown}
 p - a potion of flight {unknown}
 s - 2 potions of haste
 t - a potion of magic {unknown}
 u - 2 potions of ambrosia {unknown}
 v - a potion of attraction {unknown}
 z - a potion of heal wounds {unknown}
 D - a potion of berserk rage {unknown}
 E - a potion of invisibility {unknown}


   Skills:
 - Level 4.3 Dodging
 - Level 2.4 Stealth
 + Level 4.9 Spellcasting
 + Level 5.8 Necromancy
 - Level 3.0 Transmutations
 + Level 8.3 Earth Magic
 + Level 5.4 Evocations


You had 6 spell levels left.
You knew the following spells:

 Your Spells              Type           Power      Damage    Failure   Level
a - Sandblast             Erth           64%        2d14      1%          1
b - Passwall              Tmut/Erth      19%        N/A       1%          2
c - Stone Arrow           Conj/Erth      36%        3d9       8%          3
d - Petrify               Tmut/Erth      23%        N/A       14%         4

Your spell library contained the following spells:

 Spells                   Type           Power      Damage    Failure   Level
 Animate Skeleton         Necr           46%        N/A       1%          1
 Apportation              Tloc           8%         N/A       14%         1
 Summon Small Mammal      Summ           16%        N/A       14%         1
 Ensorcelled Hibernation  Hex/Ice        8%         N/A       22%         2
 Spider Form              Tmut/Pois      4%         N/A       22%         3
 Fireball                 Conj/Fire      2%         3d4       99%         5
 Starburst                Conj/Fire      2%         6d3       100%        6
 Ignition                 Fire           2%         3d3       100%        8


Dungeon Overview and Level Annotations

Branches:
Dungeon (7/15)             Temple (1/1) D:5         Ossuary (visited)

Altars:
Fedhas
Hepliaklqana
Kikubaaqudgha
Makhleb
Sif Muna
Trog
Uskayaw
Vehumet
Xom
Yredelemnul
Zin
Jiyva

Shops:
D:3 ?

Annotations:
D:5 Pikel


Innate Abilities, Weirdness & Mutations

You are resistant to damage.
You can heal yourself by infusing magical energy.
You passively map a small area around you.
You do not regenerate.


Message History

The stone arrow hits the ogre!!
You kill the ogre!
Kikubaaqudgha accepts your kill.
Casting: Stone Arrow (dangerous; 8% risk of failure)
Confirm with . or Enter, or press ? or * to list all spells.
Aiming: Sandblast (safe; 1% risk of failure)
Press: ? - help, Shift-Dir - straight line, f - acid dragon
Aim: an acid dragon (82% to hit)
The blast of sand hits the acid dragon but does no damage.
c - 24 stones
Casting: Sandblast (safe; 1% risk of failure)
Confirm with . or Enter, or press ? or * to list all spells.
Aiming: Sandblast (safe; 1% risk of failure)
Press: ? - help, Shift-Dir - straight line, f/p - acid dragon
Aim: an acid dragon (82% to hit)
The blast of sand misses the acid dragon.
c - 23 stones The acid dragon spits acid at you.
The splash of acid hits you!
* * * LOW HITPOINT WARNING * * *
The acid corrodes you!
Casting: Sandblast (safe; 1% risk of failure)
Confirm with . or Enter, or press ? or * to list all spells.
Aiming: Sandblast (safe; 1% risk of failure)
Press: ? - help, Shift-Dir - straight line, f/p - acid dragon
Aim: an acid dragon (catching its breath, 82% to hit)
The blast of sand hits the acid dragon.
The acid dragon is moderately wounded.
c - 22 stones
Casting: Sandblast (safe; 1% risk of failure)
Confirm with . or Enter, or press ? or * to list all spells.
Aiming: Sandblast (safe; 1% risk of failure)
Press: ? - help, Shift-Dir - straight line, f/p - acid dragon
Aim: an acid dragon (moderately wounded, catching its breath, 82% to hit)
The blast of sand hits the acid dragon!
The acid dragon is heavily wounded.
c - 21 stones The acid dragon bites you!
You die...
Kikubaaqudgha rasps: "You have failed me!
Welcome... death!"

, #D.
.......
#.#..O....,
* ,
.#####.O####
,
...........#
* *
#######.##.#
* * #.##.# *
* #.##)#,* ,
* #.##D#.# *
#..#@#.#
##.#.#.#
#.#.#.# , *
#.#.#.#
#.#.#.#
#...#.####
##..#....# *
#..#.##.#
##.#.##.#


You could see an acid dragon (catching breath).

Vanquished Creatures
  Edmund (D:5)
  An ice beast (D:5)
  A necrophage (D:7)
  3 ogres
  A phantom (D:5)
  2 elf zombies (Ossuary)
  2 bullfrogs (D:6)
  A water moccasin zombie (D:5)
  A scorpion (D:5)
  A bullfrog zombie (D:5)
  A howler monkey (D:5)
  5 centaur zombies
  3 hounds
  2 centaur skeletons
  2 orc priests (D:7)
  A jelly (D:4)
  2 iguanas
  2 ogre zombies (Ossuary)
  7 mummies (Ossuary)
  A hound skeleton (D:4)
  3 gnolls (D:3)
  7 adders
  2 white imps
  4 adder zombies (Ossuary)
  An adder skeleton (D:4)
  A worm (D:4)
  3 orcs
  6 endoplasms
  3 giant cockroaches
  A gnoll zombie (Ossuary)
  6 goblins
  5 hobgoblins
  5 jackals
  2 quokkas
  7 ball pythons
  5 bats
  4 frilled lizards
  4 goblin zombies (Ossuary)
  4 hobgoblin zombies (Ossuary)
  6 kobolds
  A kobold zombie (Ossuary)
  3 quokka zombies (Ossuary)
  4 rats
  6 rat zombies (Ossuary)
133 creatures vanquished.

Notes
Turn   | Place    | Note
-------+----------+-------------------------------------------
     0 | D:1      | siradein the Deep Dwarf Earth Elementalist began the quest
                  | for the Orb.
     0 | D:1      | Reached XP level 1. HP: 15/15 MP: 3/3
    36 | D:1      | Reached skill level 1 in Transmutations
   183 | D:1      | Reached XP level 2. HP: 22/22 MP: 0/4
   414 | D:1      | Learned a level 2 spell: Passwall
   601 | D:1      | Found a faded altar of an unknown god.
   910 | D:1      | Reached skill level 1 in Necromancy
  1437 | D:2      | Reached XP level 3. HP: 25/28 MP: 3/6
  2321 | D:2      | Learned a level 3 spell: Stone Arrow
  2391 | D:3      | Found Lidew's Magic Scroll Shoppe.
  2399 | D:3      | Bought a scroll of identify for 22 gold pieces
  2519 | D:3      | Reached XP level 4. HP: 26/36 MP: 1/7
  2847 | D:3      | Found a shimmering blue altar of Sif Muna.
  3223 | D:4      | Found a sand-covered staircase.
  3231 | Ossuary  | Entered an ossuary
  3312 | Ossuary  | Reached skill level 5 in Earth Magic
  3312 | Ossuary  | Reached XP level 5. HP: 41/42 MP: 3/8
  3635 | Ossuary  | Reached XP level 6. HP: 38/49 MP: 5/10
  3640 | Ossuary  | Learned a level 4 spell: Petrify
  4748 | Ossuary  | Reached XP level 7. HP: 40/55 MP: 4/11
  5358 | D:4      | Reached skill level 6 in Earth Magic
  5885 | D:5      | Entered Level 5 of the Dungeon
  5952 | D:5      | Noticed Edmund
  6058 | D:5      | Reached skill level 1 in Evocations
  6461 | D:5      | Killed Edmund
  6707 | D:5      | Reached XP level 8. HP: 30/62 MP: 6/14
  6775 | D:5      | Reached skill level 7 in Earth Magic
  7028 | D:5      | Found a hide-covered altar of Uskayaw.
  7196 | D:5      | Found a staircase to the Ecumenical Temple.
  7205 | Temple   | Entered the Ecumenical Temple
  7325 | Temple   | Became a worshipper of Kikubaaqudgha
  7673 | D:5      | Noticed Pikel
  7894 | D:6      | Reached skill level 5 in Necromancy
  8102 | D:6      | Noticed a white ugly thing
  8606 | D:7      | Reached skill level 8 in Earth Magic
  8606 | D:7      | Reached skill level 5 in Evocations
  8987 | D:7      | Slain by an acid dragon

Illustrated notes

Levels and vault maps discovered:
D:1:      eino_arrival_water_cross, layout_loops_ring,
          shapermc_ecumenical_altar_flowoftime, chequers_serial_rivers_large_a,
          minmay_statues_item
D:2:      layout_loops_corners
D:3:      layout_rooms, marbit_many_paths, serial_shops, shop_statue
D:4:      layout_basic, nicolae_ossuary_entry_ruins, lemuel_old_faithful
D:5:      cheibrodos_barr_body, layout_loops_ring, mainiacjoe_overflow_alcove_2,
          lemuel_temple_firewalk_b, chequers_serial_rivers_micro_d, uniq_edmund,
          uniq_pikel
D:6:      layout_rooms, hangedman_decor_clover_reticule
D:7:      layout_basic, lemuel_crystal_altar, nicolae_shop_gadgets
Temple:   pf_slimified_temple

Skill      XL: |  1  2  3  4  5  6  7  8 |
---------------+-------------------------+-----
Transmutations | 1 2 3 |  3.0
Spellcasting   | 2 3 4 |  4.9
Necromancy     | 1 2 3 4 5 |  5.8
Dodging        | 3 4 |  4.3
Earth Magic    | 5 6 8 |  8.3
Evocations     | 3 5 |  5.4
Stealth        | |  2.4

Action                   |  1- 3 |  4- 6 |  7- 9 || total
-------------------------+-------+-------+-------++-------
Melee: Unarmed           |     2 |       |       ||     2
       Dire flail        |       |       |    34 ||    34
 Cast: Sandblast         |    69 |    98 |     5 ||   172
       Stone Arrow       |       |    19 |    88 ||   107
 Abil: Heal Wounds       |       |     1 |     2 ||     3
  Use: Scroll            |     4 |     1 |     2 ||     7
Armor: Robe              |     3 |     9 |    11 ||    23
Dodge: Dodged            |    10 |    40 |    68 ||   118

Table legend: (Time is in decaauts)
 A = Elapsed time spent in this place.
 B = Non-inter-level travel time spent in this place.
 C = Inter-level travel time spent in this place.
 D = Time resting spent in this place.
 E = Time spent auto-exploring this place.
 F = Levels seen in this place.
 G = Mean time per level.
                   A        B        C        D        E       F      G
               +--------+--------+--------+--------+--------+-----+--------+
         Total |   9024 |   8878 |    146 |    105 |   6860 |   9 | 1002.7 |
       Dungeon |   7140 |   6994 |    146 |    103 |   5349 |   7 | 1020.0 |
        Temple |    138 |    138 |      0 |      0 |     78 |   1 |  138.0 |
       Ossuary |   1744 |   1744 |      0 |      2 |   1433 |   1 | 1744.0 |
               +--------+--------+--------+--------+--------+-----+--------+

Top non-repeatable levels by time:
 Ossuary: 1744 daAuts
     D:4: 1623 daAuts
     D:5: 1385 daAuts
     D:1: 1295 daAuts
     D:2: 1068 daAuts
     D:6: 823 daAuts
     D:3: 527 daAuts
     D:7: 417 daAuts
  Temple: 138 daAuts
